PR
LADUE RAMS @ PHOENIX HOTSPUR ACADEMY
08/08/2032
 
TOP OF THE 1ST
Ladue Rams batting - Pitching for Phoenix Hotspur Academy : RHP Benjie Cacdac
Pitching: RHP Benjie Cacdac
Batting: SHB Eric Quick 0-0: Ball
1-0: Called Strike
1-1: Ball
2-1: Ball
3-1: Ground out 3-1 (Groundball, 34S)
Batting: RHB Curt Taylor 0-0: Foul Ball, location: 2F
0-1: Foul Ball, location: 2F
0-2: Strikes out looking
Batting: LHB Conrad Hessing 0-0: Ball
1-0: Ball
2-0: Called Strike
2-1: Foul Ball, location: 2F
2-2: Fly out, F4 (Line Drive, 4M)
Top of the 1st over - 0 runs, 0 hits, 0 errors, 0 left on base; Ladue 0 - Phoenix 0
BOTTOM OF THE 1ST
Phoenix Hotspur Academy batting - Pitching for Ladue Rams : RHP Szekeres Panna
Pitching: RHP Szekeres Panna
Batting: RHB Tyler Hannah 0-0: Foul Ball, location: 2F
0-1: Foul Ball, location: 2F
0-2: Ball
1-2: Foul Ball, location: 2F
1-2: SINGLE (Groundball, 56D)
Batting: RHB Brit Davis 0-0: Ball
1-0: SINGLE (Line Drive, 78S)
Tyler Hannah to second
Batting: LHB Juan Hernández 0-0: Fly out, F7 (Line Drive, 78S)
Batting: LHB Valerius Buser 0-0: Ball
1-0: Ball
2-0: Ball
3-0: Called Strike
3-1: Foul Ball, location: 2F
3-2: Base on Balls
Tyler Hannah to third
Brit Davis to second
Batting: LHB Keith York 0-0: Foul Ball, location: 2F
0-1: Called Strike
0-2: Strikes out swinging
Batting: LHB Carel Oskamp 0-0: Ball
1-0: Swinging Strike
1-1: Called Strike
1-2: Ball
2-2: Foul Ball, location: 2F
2-2: Strikes out swinging
Bottom of the 1st over - 0 runs, 2 hits, 0 errors, 3 left on base; Ladue 0 - Phoenix 0
TOP OF THE 2ND
Ladue Rams batting - Pitching for Phoenix Hotspur Academy : RHP Benjie Cacdac
Batting: LHB Qing-nian Zexian 0-0: Ball
1-0: Ball
2-0: Ground out 4-3 (Groundball, 4M)
Batting: RHB Y-Tic Amanap 0-0: Called Strike
0-1: Called Strike
0-2: Foul Ball, location: 2F
0-2: Ball
1-2: Ball
2-2: Foul Ball, location: 2F
2-2: SINGLE (Line Drive, 6M)
Batting: SHB Javier Murillo 0-0: Ball
1-0: Called Strike
1-1: Foul Ball, location: 2F
1-2: Ball
2-2: Strikes out swinging
Batting: SHB Orlando Pereira 0-0: Ground out 4-3 (Groundball, 4)
Top of the 2nd over - 0 runs, 1 hit, 0 errors, 1 left on base; Ladue 0 - Phoenix 0
BOTTOM OF THE 2ND
Phoenix Hotspur Academy batting - Pitching for Ladue Rams : RHP Szekeres Panna
Batting: RHB Pedro Marín 0-0: SINGLE (Flyball, 89M)
Batting: RHB Jonathon Newman 0-0: Ball
1-0: SINGLE (Line Drive, 9S)
Pedro Marín to second
Batting: RHB Diederick Wellenberg 0-0: Called Strike
0-1: Swinging Strike
0-2: Ball
1-2: Strikes out swinging
Batting: RHB Tyler Hannah 0-0: Called Strike
0-1: Foul Ball, location: 2F
0-2: SINGLE (Flyball, 9S)
Pedro Marín to third
Jonathon Newman to second
Runner from 3rd tries for Home, SAFE, no throw
Batting: RHB Brit Davis 0-0: Called Strike
0-1: Ball
1-1: Ball
2-1: Called Strike
2-2: Foul Ball, location: 2F
2-2: Foul Ball, location: 2F
2-2: Reached via error on a dropped throw, E4
Jonathon Newman to third
Tyler Hannah to second
Batting: LHB Juan Hernández 0-0: Ball
1-0: Foul Ball, location: 2F
1-1: Foul Ball, location: 2F
1-2: Ball
2-2: DOUBLE (Flyball, 89D)
Jonathon Newman scores
Tyler Hannah scores
Brit Davis to third
Batting: LHB Valerius Buser 0-0: Swinging Strike
0-1: Foul Ball, location: 2F
0-2: Ball
1-2: SINGLE (Line Drive, 4M)
Brit Davis scores
Juan Hernández to third
Batting: LHB Keith York 0-0: Ground out U3 (Groundball, 3L)
Juan Hernández scores
Valerius Buser to second
Batting: LHB Carel Oskamp 0-0: Ball
1-0: Called Strike
1-1: Ball
2-1: Called Strike
2-2: Strikes out swinging
Bottom of the 2nd over - 5 runs, 5 hits, 1 error, 1 left on base; Ladue 0 - Phoenix 5
TOP OF THE 3RD
Ladue Rams batting - Pitching for Phoenix Hotspur Academy : RHP Benjie Cacdac
Batting: RHB Lex van Esch 0-0: Called Strike
0-1: SINGLE (Line Drive, 7LS)
Batting: RHB Carlos Santos 0-0: Ball
1-0: Called Strike
1-1: Ball
2-1: Foul Ball, location: 2F
2-2: Ball
3-2: Grounds into double play, 4-6-3 (Groundball, 4)
Batting: SHB Eric Quick 0-0: Ball
1-0: Ball
2-0: Fly out, F7 (Flyball, 78D)
Top of the 3rd over - 0 runs, 1 hit, 0 errors, 0 left on base; Ladue 0 - Phoenix 5
BOTTOM OF THE 3RD
Phoenix Hotspur Academy batting - Pitching for Ladue Rams : RHP Szekeres Panna
Batting: RHB Pedro Marín 0-0: Called Strike
0-1: Ball
1-1: Foul Ball, location: 2F
1-2: Ball
2-2: Ball
3-2: Base on Balls
Batting: RHB Jonathon Newman 0-0: Foul Ball, location: 2F
0-1: Ball
1-1: Ball
2-1: Foul Ball, location: 2F
2-2: Ball
3-2: Reached on error, E3 (Groundball, 3)
Pedro Marín to second
Batting: RHB Diederick Wellenberg 0-0: Foul Ball, location: 2F
0-1: Ball
1-1: Foul Ball, location: 2F
1-2: Strikes out swinging
Batting: RHB Tyler Hannah 0-0: Foul Ball, location: 2F
0-1: Foul Ball, location: 2F
0-2: Ball
1-2: Foul Ball, location: 2F
1-2: Strikes out looking
Batting: RHB Brit Davis 0-0: Ground out 1-3 (Groundball, 15S)
Bottom of the 3rd over - 0 runs, 0 hits, 1 error, 2 left on base; Ladue 0 - Phoenix 5
TOP OF THE 4TH
Ladue Rams batting - Pitching for Phoenix Hotspur Academy : RHP Benjie Cacdac
Batting: RHB Curt Taylor 0-0: Ball
1-0: Ground out 5-3 (Groundball, 56S)
Batting: LHB Conrad Hessing 0-0: Foul Ball, location: 2F
0-1: Called Strike
0-2: SINGLE (Groundball, 3S) (infield hit)
Batting: LHB Qing-nian Zexian 0-0: Ball
1-0: Ball
2-0: Swinging Strike
2-1: Called Strike
2-2: Ball
3-2: Foul Ball, location: 2F
3-2: Base on Balls
Conrad Hessing to second
Batting: RHB Y-Tic Amanap 0-0: Called Strike
Conrad Hessing steals 3rd base
0-1: Fly out, F3 (Popup, 3S)
Batting: SHB Javier Murillo 0-0: Foul Ball, location: 2F
0-1: Fielders Choice at 2nd, 5-4 (Groundball, 5L)
Top of the 4th over - 0 runs, 1 hit, 0 errors, 2 left on base; Ladue 0 - Phoenix 5
BOTTOM OF THE 4TH
Phoenix Hotspur Academy batting - Pitching for Ladue Rams : RHP Szekeres Panna
Batting: LHB Juan Hernández 0-0: Ball
1-0: Ball
2-0: Called Strike
2-1: Ball
3-1: Foul Ball, location: 2F
3-2: SINGLE (Groundball, 34D)
Batting: LHB Valerius Buser 0-0: Called Strike
0-1: Ball
1-1: SINGLE (Groundball, 4MD)
Juan Hernández to second
Batting: LHB Keith York 0-0: Called Strike
0-1: Ball
1-1: Ball
2-1: Foul Ball, location: 2F
2-2: Foul Ball, location: 2F
2-2: Strikes out swinging
Batting: LHB Carel Oskamp 0-0: Called Strike
0-1: Ball
1-1: Ball
Wild Pitch!
Juan Hernández to third
Valerius Buser to second
2-1: SINGLE (Groundball, 4MS) (infield hit)
Juan Hernández scores
Valerius Buser to third
Batting: RHB Pedro Marín 0-0: Called Strike
0-1: Ball
1-1: Fly out, F9 (Flyball, 89M)
Runner from 3rd tags up, SCORES, throw made
Batting: RHB Jonathon Newman 0-0: Called Strike
0-1: Called Strike
0-2: SINGLE (Groundball, 4MD)
Carel Oskamp to second
Runner from 2nd tries for 3rd, OUT!
Bottom of the 4th over - 2 runs, 4 hits, 0 errors, 1 left on base; Ladue 0 - Phoenix 7
TOP OF THE 5TH
Ladue Rams batting - Pitching for Phoenix Hotspur Academy : RHP Benjie Cacdac
Batting: SHB Orlando Pereira 0-0: Ball
1-0: Called Strike
1-1: Swinging Strike
1-2: Strikes out swinging
Batting: RHB Lex van Esch 0-0: Foul Ball, location: 2F
0-1: Called Strike
0-2: Foul Ball, location: 2F
0-2: Fly out, F9 (Flyball, 9LDF)
Batting: RHB Carlos Santos 0-0: Ball
1-0: Called Strike
1-1: Foul Ball, location: 2F
1-2: Ball
2-2: Foul Ball, location: 2F
2-2: Strikes out swinging
Top of the 5th over - 0 runs, 0 hits, 0 errors, 0 left on base; Ladue 0 - Phoenix 7
BOTTOM OF THE 5TH
Phoenix Hotspur Academy batting - Pitching for Ladue Rams : RHP Szekeres Panna
Batting: RHB Diederick Wellenberg 0-0: Called Strike
0-1: Foul Ball, location: 2F
0-2: Ball
1-2: Ball
2-2: Foul Ball, location: 2F
2-2: Strikes out swinging
Batting: RHB Tyler Hannah 0-0: Called Strike
0-1: Swinging Strike
0-2: Ball
1-2: Ball
2-2: Ground out 5-3 (Groundball, 56S)
Batting: RHB Brit Davis 0-0: Called Strike
0-1: Called Strike
0-2: Ball
1-2: Ball
2-2: Strikes out swinging
Bottom of the 5th over - 0 runs, 0 hits, 0 errors, 0 left on base; Ladue 0 - Phoenix 7
TOP OF THE 6TH
Ladue Rams batting - Pitching for Phoenix Hotspur Academy : RHP Benjie Cacdac
Batting: SHB Eric Quick 0-0: Foul Ball, location: 2F
0-1: Ball
1-1: SINGLE (Line Drive, 4)
Batting: RHB Curt Taylor 0-0: Ball
1-0: Ball
2-0: Swinging Strike
2-1: Called Strike
2-2: Strikes out swinging
Batting: LHB Conrad Hessing 0-0: Ball
1-0: Swinging Strike
1-1: Swinging Strike
1-2: Fielders Choice at 2nd, 6-4 (Groundball, 6)
Batting: LHB Qing-nian Zexian 0-0: Ball
1-0: Swinging Strike
1-1: Ball
2-1: Ball
3-1: Base on Balls
Conrad Hessing to second
Batting: RHB Y-Tic Amanap 0-0: Ball
1-0: Ball
2-0: Ball
3-0: 3-RUN HOME RUN (Flyball, 7LD), Distance : 364 ft
Batting: SHB Javier Murillo 0-0: Ball
1-0: Ground out 3-1 (Groundball, 34S)
Top of the 6th over - 3 runs, 2 hits, 0 errors, 0 left on base; Ladue 3 - Phoenix 7
BOTTOM OF THE 6TH
Phoenix Hotspur Academy batting - Pitching for Ladue Rams : RHP Szekeres Panna
Pitching: RHP Kong Li
Batting: LHB Juan Hernández 0-0: Called Strike
0-1: Ball
1-1: SINGLE (Groundball, 4MD)
Batting: LHB Valerius Buser 0-0: Ball
1-0: Ball
2-0: Swinging Strike
2-1: SINGLE (Groundball, 3) (infield hit)
Juan Hernández to second
Batting: LHB Keith York 0-0: Called Strike
0-1: Ball
1-1: Fielders Choice at 2nd, 3-6 (Groundball, 34)
Juan Hernández to third
Batting: LHB Carel Oskamp 0-0: Ground out 5-3 (Groundball, 2L)
Keith York to second
Batting: RHB Pedro Marín 0-0: Called Strike
0-1: Ball
1-1: Ball
2-1: SINGLE (Flyball, 4D)
Juan Hernández scores
Keith York to third
Batting: RHB Jonathon Newman 0-0: Ball
1-0: SINGLE (Groundball, 5D)
Keith York scores
Pedro Marín to second
Batting: RHB Diederick Wellenberg 0-0: Called Strike
0-1: Foul Ball, location: 2F
0-2: Foul Ball, location: 2F
0-2: SINGLE (Line Drive, 89S)
Pedro Marín to third
Jonathon Newman to second
Runner from 3rd tries for Home, SAFE, no throw
Batting: RHB Tyler Hannah 0-0: Foul Ball, location: 2F
0-1: Foul Ball, location: 2F
0-2: Ball
1-2: Fly out, F6 (Popup, 6MS)
Bottom of the 6th over - 3 runs, 5 hits, 0 errors, 2 left on base; Ladue 3 - Phoenix 10
TOP OF THE 7TH
Ladue Rams batting - Pitching for Phoenix Hotspur Academy : RHP Benjie Cacdac
Batting: SHB Orlando Pereira 0-0: Called Strike
0-1: Called Strike
0-2: Foul Ball, location: 2F
0-2: SINGLE (Groundball, 25) (infield hit)
Batting: RHB Lex van Esch 0-0: Called Strike
0-1: Ball
1-1: Ball
2-1: Foul Ball, location: 2F
2-2: Foul Ball, location: 2F
2-2: Ball
3-2: Strikes out swinging
Batting: RHB Carlos Santos 0-0: Called Strike
0-1: Foul Ball, location: 2F
0-2: Fly out, F7 (Flyball, 78M)
Batting: SHB Eric Quick 0-0: Called Strike
0-1: SINGLE (Line Drive, 4MD)
Orlando Pereira to second
Pitching: LHP Raúl Vázquez
Batting: RHB Curt Taylor 0-0: Called Strike
0-1: Hit by Pitch
Orlando Pereira to third
Eric Quick to second
Batting: LHB Conrad Hessing 0-0: Fly out, F7 (Line Drive, 7)
Top of the 7th over - 0 runs, 2 hits, 0 errors, 3 left on base; Ladue 3 - Phoenix 10
BOTTOM OF THE 7TH
Phoenix Hotspur Academy batting - Pitching for Ladue Rams : RHP Kong Li
Batting: RHB Brit Davis 0-0: Foul Ball, location: 2F
0-1: Ball
1-1: Ball
2-1: SINGLE (Groundball, 6M) (infield hit)
Batting: LHB Juan Hernández 0-0: Called Strike
0-1: Foul Ball, location: 2F
0-2: Ball
1-2: Foul Ball, location: 2F
1-2: Ball
2-2: Ball
3-2: Fly out, F7 (Flyball, 7LSF)
Lined into DP, 7-3 (Flyball, 7LSF)
Batting: LHB Valerius Buser 0-0: Swinging Strike
0-1: Foul Ball, location: 2F
0-2: Ground out U3 (Groundball, 3L)
Bottom of the 7th over - 0 runs, 1 hit, 0 errors, 0 left on base; Ladue 3 - Phoenix 10
TOP OF THE 8TH
Ladue Rams batting - Pitching for Phoenix Hotspur Academy : LHP Raúl Vázquez
Batting: LHB Qing-nian Zexian 0-0: Ball
1-0: Ball
2-0: DOUBLE (Line Drive, 78D)
Batting: RHB Y-Tic Amanap 0-0: Ball
1-0: Ball
2-0: Ball
3-0: Called Strike
3-1: Foul Ball, location: 2F
3-2: Fly out, F8 (Line Drive, 8LD)
Batting: SHB Javier Murillo 0-0: Fly out, F7 (Flyball, 7S)
Batting: SHB Orlando Pereira 0-0: Foul Ball, location: 2F
0-1: Called Strike
0-2: Fly out, F3 (Popup, 3S)
Top of the 8th over - 0 runs, 1 hit, 0 errors, 1 left on base; Ladue 3 - Phoenix 10
BOTTOM OF THE 8TH
Phoenix Hotspur Academy batting - Pitching for Ladue Rams : RHP Kong Li
Batting: LHB Keith York 0-0: Foul Ball, location: 2F
0-1: Ball
1-1: Ball
2-1: SINGLE (Line Drive, 4MD)
Batting: LHB Carel Oskamp 0-0: Ball
1-0: Ball
2-0: Foul Ball, location: 2F
2-1: Ball
3-1: Ground out 5-3 (Groundball, 56S)
Keith York to second
Pitching: RHP Joey Wolf
Batting: RHB Pedro Marín 0-0: Called Strike
0-1: Swinging Strike
0-2: Ball
1-2: Ball
2-2: SINGLE (Line Drive, 7S)
Keith York to third
Batting: RHB Jonathon Newman 0-0: Ball
1-0: Ball
2-0: Foul Ball, location: 2F
2-1: Ball
3-1: Fly out, F9 (Flyball, 9S)
Runner from 3rd tags up, SCORES, no throw
Batting: RHB Diederick Wellenberg 0-0: Ball
1-0: Foul Ball, location: 2F
1-1: Ball
2-1: Called Strike
2-2: Ball
3-2: Base on Balls
Pedro Marín to second
Batting: RHB Tyler Hannah 0-0: Ball
1-0: Ground out 3-1 (Groundball, 34S)
Bottom of the 8th over - 1 run, 2 hits, 0 errors, 2 left on base; Ladue 3 - Phoenix 11
TOP OF THE 9TH
Ladue Rams batting - Pitching for Phoenix Hotspur Academy : LHP Raúl Vázquez
Batting: RHB Lex van Esch 0-0: Ball
1-0: Ground out 6-3 (Groundball, 6S)
Batting: RHB Carlos Santos 0-0: Called Strike
0-1: Ball
1-1: Ground out 1-3 (Groundball, 15)
Batting: SHB Eric Quick 0-0: Swinging Strike
0-1: Called Strike
0-2: Ball
1-2: Strikes out looking
Top of the 9th over - 0 runs, 0 hits, 0 errors, 0 left on base; Ladue 3 - Phoenix 11
Wednesday, September 19th, 2018 - OOTP Baseball 18.8 Build 76